 Dungeon Crawl Stone Soup version 0.19-a0-1008-g4c63d25 (webtiles) character file.

681 mistymad the Skirmisher (level 7, -1/61 HPs)
             Began as a Ghoul Monk on July 23, 2016.
             Was a Believer of Qazlal.
             Slain by Pikel
             ... wielding a +1 whip of electrocution
              (5 damage)
             ... on level 3 of the Dungeon.
             The game lasted 00:06:05 (2780 turns).

mistymad the Skirmisher (Ghoul Monk)                Turns: 2780, Time: 00:06:06

Health: -1/61      AC:  9    Str: 17    XL:     7   Next: 61%
Magic:  6/6        EV: 13    Int:  5    God:    Qazlal [**....]
Gold:   158        SH:  2    Dex: 11    Spells: 0 memorised, 6 levels left

rFire  . . .     SeeInvis .     a - +0 mace
rCold  + . .     Gourm    .     l - +3 leather armour
rNeg   + + +     Faith    .     (no shield)
rPois  ∞         Spirit   .     (no helmet)
rElec  .         Dismiss  .     (no cloak)
rCorr  .         Reflect  .     j - +2 pair of gloves
SustAt .         Harm     .     (no boots)
MR     .....                    (no amulet)
Stlth  +.........               (no ring)
                                (no ring)

@: rotting, not resistant to hostile enchantments, very unstealthy
A: rotting body, claws 1, carnivore 3, cold resistance 1, negative energy
resistance 3, slow regeneration 1, torment resistance, unbreathing
a: Upheaval, Renounce Religion


You were on level 3 of the Dungeon.
You worshipped Qazlal.
Qazlal was pleased with you.
You were not hungry.

You visited 1 branch of the dungeon, and saw 4 of its levels.

You collected 158 gold pieces.

Inventory:

Hand Weapons
 a - a +0 mace (weapon)
Armour
 j - a +2 pair of gloves (worn)
 l - a +3 leather armour (worn)
Scrolls
 b - a scroll of fear {unknown}
 d - 6 scrolls of identify {unknown}
 e - 2 scrolls of remove curse {unknown}
 f - a scroll of random uselessness {unknown}
 g - 3 scrolls of magic mapping {unknown}
 i - 2 scrolls of amnesia {unknown}
 q - 2 scrolls of teleportation {unknown}
Potions
 h - a potion of curing {unknown}
 k - 2 potions of heal wounds {unknown}
 m - a potion of magic {unknown}
 n - 4 potions of brilliance {unknown}
 o - a potion of cancellation {unknown}
 p - a potion of mutation {unknown}
 r - a potion of lignification {unknown}
 t - a potion of resistance {unknown}
Comestibles
 c - a meat ration
 s - 13 chunks of flesh


   Skills:
 + Level 5.4 Fighting
 + Level 4.6 Maces & Flails
 + Level 3.3 Armour
 + Level 4.5 Dodging
 - Level 2.1 Stealth


You had 6 spell levels left.
You didn't know any spells.

Dungeon Overview and Level Annotations

Branches:
Dungeon (4/15)
 Temple: D:4-7

Altars:
Kikubaaqudgha
Qazlal
Zin
The Shining One

Annotations:
D:3 Pikel
D:4 Blork the orc


Innate Abilities, Weirdness & Mutations

Your body is rotting away.
You thrive on raw meat.
You are immune to poison.
You have sharp fingernails.
You are carnivorous and can eat meat at any time.
Your flesh is cold resistant. (rC+)
You are immune to negative energy. (rN+++)
You regenerate slowly when monsters are visible.
You are immune to unholy pain and torment.
You can survive without breathing.


Message History

Pikel is moderately wounded.
Pikel closely misses you.
You hit Pikel but do no damage.
Pikel is moderately wounded.
Pikel says, "You'll feel the lick of my whip!"
Pikel closely misses you.
Pikel hits you with a whip of electrocution.
You take 3 damage, and have 19/61 hp.
You hit Pikel.
Pikel is moderately wounded.
Pikel hits you but does no damage.
You hit Pikel.
Pikel is heavily wounded.
Pikel hits you but does no damage.
You are electrocuted!
* * * LOW HITPOINT WARNING * * *
You take 15 damage, and have 4/61 hp.
MASSIVE DAMAGE!!
You hit Pikel.
Pikel is heavily wounded.
Pikel hits you with a whip of electrocution.
You die...

#............# #<##.)####.###....
.....)....##.###.###......#....##
.#.......###..##.# #####....##.##
.........# ##..(.# #####....##..#
##.......# ###..# #......#.###.#
##..###.## #..# #.###....# #..
....# #.# ##(###.# ###..###.#
....# #.# #K§.#.# #..##..# ....#
#.#### #@#...# #...#... .####
#....# #.#..## ###....# .# ####.#
#.#### ##.....## ## #.# #.#
#..⌠..##_ # #.## #.# #......'# #
#..# #.# #...P...# # ##.## #.#
###)..≈≈P.. # #..# #÷#
#...))PP... # ####..# #.#
#.###......


You could see Pikel.

Vanquished Creatures
  Grinder (D:3)
  Sigmund (D:3)
  A scorpion (D:4)
  A giant frog skeleton (D:4)
  2 orc wizards (D:3)
  A worker ant (D:4)
  Terence (D:3)
  3 gnolls (D:3)
  3 adders
  2 oozes
  A worm (D:2)
  2 giant geckos
  8 orcs
  A ball python (D:3)
  2 giant cockroaches
  7 goblins
  7 hobgoblins
  7 jackals (D:2)
  5 kobolds
  3 quokkas
  A ball python zombie (D:4)
  5 bats
  A giant newt (D:2)
  A jackal zombie (D:4)
  8 rats
75 creatures vanquished.

Notes
Turn   | Place    | Note
-------+----------+-------------------------------------------
     0 | D:1      | mistymad the Ghoul Monk began the quest for the Orb.
     0 | D:1      | Reached XP level 1. HP: 19/19 MP: 0/0
   192 | D:1      | Reached XP level 2. HP: 14/26 MP: 1/1
   704 | D:2      | Reached XP level 3. HP: 30/30 MP: 2/2
   725 | D:2      | Reached skill level 1 in Armour
  1270 | D:2      | Reached XP level 4. HP: 36/39 MP: 3/3
  1614 | D:2      | Found an ancient bone altar of Kikubaaqudgha.
  1621 | D:2      | Found a stormy altar of Qazlal.
  1624 | D:2      | Found a glowing silver altar of Zin.
  1713 | D:3      | Noticed Terence
  1746 | D:3      | Killed Terence
  1746 | D:3      | Reached skill level 4 in Fighting
  2217 | D:3      | Noticed Grinder
  2219 | D:3      | Paralysed by Grinder for 4 turns
  2249 | D:3      | Paralysed by Grinder for 2 turns
  2252 | D:3      | Reached XP level 5. HP: 33/44 MP: 4/4
  2261 | D:3      | Killed Grinder
  2261 | D:3      | Reached XP level 6. HP: 39/51 MP: 5/5
  2305 | D:3      | Noticed Sigmund
  2316 | D:3      | Killed Sigmund
  2316 | D:3      | Reached skill level 5 in Fighting
  2316 | D:3      | Reached XP level 7. HP: 20/59 MP: 6/6
  2366 | D:2      | Became a worshipper of Qazlal Stormbringer
  2366 | D:2      | Reached * piety under Qazlal
  2366 | D:2      | Reached ** piety under Qazlal
  2587 | D:3      | Found a glowing golden altar of the Shining One.
  2735 | D:4      | Noticed Pikel
  2739 | D:4      | Noticed Blork the orc
  2780 | D:3      | Slain by Pikel

Vault maps used:
D:1:      minmay_arrival_doors
D:2:      nicolae_overflow_hidden_temple
D:3:      tso_oasis_becter, uniq_sigmund, uniq_terence, uniq_grinder
D:4:      serial_undead, serial_undead_c, serial_undead_d, serial_undead_a,
          serial_undead_d, first_bread, uniq_eustachio, uniq_blork_the_orc,
          uniq_duvessa, uniq_pikel

Skill      XL: |  1  2  3  4  5  6  7 |
---------------+----------------------+-----
Dodging        | 3 4 |  4.5
Maces & Flails | 3 4 |  4.6
Armour         | 1 2 3 |  3.3
Fighting       | 4 5 |  5.4
Stealth        | |  2.1

Action                   |  1- 3 |  4- 6 |  7- 9 || total
-------------------------+-------+-------+-------++-------
Melee: Mace              |   118 |   120 |   118 ||   356
 Stab: Sleeping          |     5 |     1 |       ||     6
  Eat: Chunk             |     7 |     7 |     9 ||    23
Armor: Robe              |     6 |       |       ||     6
       Leather armour    |    19 |    55 |    39 ||   113
Dodge: Dodged            |    98 |   102 |    83 ||   283
Block: Other             |       |       |     9 ||     9
